 Dungeon Crawl Stone Soup version 0.28.0-45-g0d030f2227 (webtiles) character file.

Game seed: 17188547871487460570

273 NinjaNoafa the Bolt Thrower (level 6, -3/48 (52) HPs)
             Began as a Minotaur Hunter on Apr 4, 2022.
             Was a Follower of Dithmenos.
             Slain by a hornet (7 damage)
             ... on level 4 of the Dungeon.
             The game lasted 00:09:49 (2954 turns).

NinjaNoafa the Bolt Thrower (Minotaur Hunter)       Turns: 2954, Time: 00:09:49

HP:   -3/48 (52)    AC:  5    Str: 16 (19) XL:     6   Next: 3%
MP:   5/5           EV: 11    Int:  7 (8)  God:    Dithmenos [*.....]
Gold: 167           SH:  0    Dex:  8 (10) Spells: 5/5 levels left

rFire   . . .      SeeInvis .   p - +1 dagger (venom)
rCold   . . .      Faith    .   (no shield)
rNeg    . . .      Spirit   .   n - +0 ring mail
rPois   .          Reflect  .   (helmet restricted)
rElec   .          Harm     .   (no cloak)
rCorr   .          Rampage  .   (no gloves)
Will    .....                   (no boots)
Stlth   +.........              (no amulet)
HPRegen 0.16/turn               (no ring)
MPRegen 0.09/turn               (no ring)

@: lethally poisoned (-3 -> -29), slowed, wreathed by umbra, drained, very slow
A: horns 2, retaliatory headbutt
a: Renounce Religion


You were on level 4 of the Dungeon.
You worshipped Dithmenos.
Dithmenos was aware of your devotion.
You visited 1 branch of the dungeon, and saw 4 of its levels.

You collected 167 gold pieces.

Inventory:

Hand Weapons
 a - a +1 hand crossbow
 b - a +0 short sword
 f - a +0 hunting sling
 h - a +0 shortbow
 j - a +0 scythe
 l - a +1 dagger of venom
 p - a +1 dagger of venom (weapon)
 q - a +0 hand axe of draining
 s - a +1 dagger of flaming
Missiles
 e - 4 bolts
 g - 216 stones (quivered)
 i - 44 arrows
 t - 8 poisoned darts
Armour
 c - a +0 leather armour
 n - a +0 ring mail (worn)
Jewellery
 m - an amulet of regeneration
Wands
 d - a wand of polymorph (2)
Scrolls
 o - a scroll of identify
 r - a scroll of teleportation


   Skills:
 + Level 4.0 Fighting
 - Level 6.1 Crossbows
 * Level 0.0 Armour
 + Level 3.6 Dodging
 + Level 2.4 Stealth


You had 5 spell levels left.
You didn't know any spells.
Your spell library contained the following spells:

 Spells                   Type           Power      Damage    Failure   Level
 Corpse Rot               Necr/Air       0%         N/A       80%         2
 Poisonous Vapours        Pois/Air       0%         N/A       80%         2
 Confusing Touch          Hex            0%         N/A       95%         3
 Yara's Violent Unravell  Hex/Tmut       0%         3d3       100%        5
 Enfeeble                 Hex            0%         N/A       100%        7


Dungeon Overview and Level Annotations

Branches:
Dungeon (4/15)
 Temple: D:4-7

Altars:
Dithmenos
Kikubaaqudgha
Nemelex Xobeh
Ru


Innate Abilities, Weirdness & Mutations

You have a pair of horns on your head.
You reflexively headbutt those who attack you in melee.


Message History

g - 216 stones (gained 25)
A hornet and a water moccasin skeleton come into view.
The hornet buzzes angrily.
h - a +0 shortbow (weapon)
Fire: 45 arrows
Press: ? - help, Q - select action, (/) - cycle Shift-Dir - straight line, f - hornet
Aim: a hornet (42% to hit)
You shoot an arrow. The arrow misses the hornet.
Your +1 dagger of venom begins to drip with poison!
p - a +1 dagger of venom (weapon)
The hornet stings you.
You are poisoned.
You feel yourself slow down.
You barely miss the hornet.
You feel very sick.
The hornet stings you but does no damage.
The hornet closely misses you. You furiously retaliate!
You headbutt the hornet! You hit the hornet.
The hornet is poisoned.
Your headbutt misses the hornet.
The hornet is moderately wounded.
You feel yourself speed up.
You feel very sick. The hornet stings you!
You are more poisoned.
You feel yourself slow down. The hornet stings you.
You feel as though you will be slow longer.
Okay, then.
Okay, then.
It was a potion of degeneration.
There was something very wrong with that liquid.
You feel weakened.
You feel dopey.
You feel clumsy.
You feel very sick. The hornet stings you!
* * * LOW HITPOINT WARNING * * *
You are more poisoned.
You feel as though you will be slow longer.
The hornet stings you but does no damage.
The water moccasin skeleton bites you.
* * * LOW HITPOINT WARNING * * *
The hornet stings you!
You die...

####### .......
####### .......##
.......
.......<######.......
.......#.....@Z......
.......#.....#y......
.......+.....#.......
.......#.....#.......
.......#.....#.......
.......#######.......
....... .......
..(....


You could see a hornet (very poisoned) and a water moccasin skeleton.

Vanquished Creatures
  Sigmund (D:2)
  2 adders (D:2)
  3 worms (D:2)
  3 dart slugs
  An orc (D:3)
  2 bats
  4 endoplasms
  3 giant cockroaches
  5 goblins (D:1)
  4 hobgoblins
  8 jackals
  3 quokkas
  9 ball pythons
  A frilled lizard (D:1)
  5 kobolds
  3 rats
57 creatures vanquished.

Notes
Turn   | Place    | Note
-------+----------+-------------------------------------------
     0 | D:1      | NinjaNoafa the Minotaur Hunter began the quest for the Orb.
     0 | D:1      | Reached XP level 1. HP: 18/18 MP: 0/0
    96 | D:1      | Reached skill level 1 in Stealth
   249 | D:1      | Reached XP level 2. HP: 25/25 MP: 1/1
  1054 | D:1      | Reached XP level 3. HP: 30/30 MP: 2/2
  1378 | D:2      | Reached skill level 5 in Crossbows
  1438 | D:2      | Found a faded altar of an unknown god.
  1442 | D:2      | Prayed at the altar of an unknown god.
  1442 | D:2      | Became a worshipper of Dithmenos the Shadowed
  1442 | D:2      | Reached * piety under Dithmenos
  1634 | D:2      | Found a sacrificial altar of Ru.
  1634 | D:2      | Noticed Sigmund
  1901 | D:2      | Killed Sigmund
  1902 | D:2      | Reached skill level 6 in Crossbows
  1902 | D:2      | Reached XP level 4. HP: 25/40 MP: 3/3
  1902 | D:2      | Reached XP level 5. HP: 29/46 MP: 4/4
  2251 | D:3      | Found a sparkling altar of Nemelex Xobeh.
  2512 | D:3      | Reached XP level 6. HP: 49/52 MP: 5/5
  2714 | D:3      | Found an ancient bone altar of Kikubaaqudgha.
  2948 | D:4      | Noticed a hornet
  2954 | D:4      | Slain by a hornet

Illustrated notes

Levels and vault maps discovered:
D:1:      saegor_arrival_simple_e, layout_basic, serial_co_window_serial,
          co_window_corner_a, co_window_of_opportunity_a, co_window_paths_a,
          co_window_of_opportunity_a, co_window_paths_b, co_window_broadway_c,
          co_window_cross_2, co_window_of_opportunity_b,
          co_window_unsneaky_path_a, co_window_of_opportunity_b,
          co_window_broadway_c, glass_columns_a, st_stairs_1
D:2:      layout_basic, basic_altar, basic_ecumenical_altar, uniq_sigmund
D:3:      layout_basic, mainiacjoe_overflow_24_doors,
          mainiacjoe_overflow_concentric_impassable
D:4:      layout_basic, minmay_temple_entry_sparse_star

Skill      XL: |  1  2  3  4  5 |
---------------+----------------+-----
Stealth        | 1 2 |  2.4
Fighting       | 3 4 |  4.0
Crossbows      | 6 |  6.1
Dodging        | 3 |  3.6

Action                   |  1- 3 |  4- 6 || total
-------------------------+-------+-------++-------
Melee: Hand crossbow     |     2 |       ||     2
       Dagger            |     1 |    12 ||    13
       Scythe            |       |    11 ||    11
       Headbutt          |       |     4 ||     4
       Hand axe          |       |     2 ||     2
 Fire: Hand crossbow     |    78 |       ||    78
       Shortbow          |     3 |    14 ||    17
  Use: Scroll            |     4 |       ||     4
       Potion            |     2 |     1 ||     3
Armor: Leather armour    |     6 |       ||     6
       Skin              |     6 |     5 ||    11
       Ring mail         |       |    11 ||    11
Dodge: Dodged            |    40 |    25 ||    65
